 Dungeon Crawl Stone Soup version 0.19-a0-944-gb338e1e (webtiles) character file.

88 Implojin the Chopper (level 4, -1/39 HPs)
             Began as a Minotaur Fighter on July 9, 2016.
             Slain by Pikel
             ... wielding a +2 whip of electrocution
              (4 damage)
             ... on level 4 of the Dungeon.
             The game lasted 00:02:25 (377 turns).

Implojin the Chopper (Minotaur Fighter)              Turns: 377, Time: 00:02:26

Health: -1/39      AC:  6    Str: 26    XL:     4   Next: 30%
Magic:  3/3        EV:  7    Int:  5    God:
Gold:   24         SH: 10    Dex: 10    Spells: 0 memorised, 3 levels left

rFire  . . .     SeeInvis .     a - +0 war axe
rCold  . . .     Gourm    .     b - +0 scale mail
rNeg   . . .     Faith    .     c - +0 shield
rPois  .         Spirit   .     (helmet restricted)
rElec  .         Dismiss  .     (no cloak)
rCorr  .         Reflect  .     (no gloves)
SustAt .         Harm     .     (no boots)
MR     .....                    (no amulet)
Stlth  ..........               (no ring)
                                (no ring)

@: mighty, not resistant to hostile enchantments, extremely unstealthy
A: retaliatory headbutt, horns 2
a: no special abilities


You were on level 4 of the Dungeon.
You were not hungry.

You visited 1 branch of the dungeon, and saw 4 of its levels.

You collected 24 gold pieces.

Inventory:

Hand Weapons
 a - a +0 war axe (weapon)
Armour
 b - a +0 scale mail (worn)
 c - a +0 shield (worn)
Scrolls
 j - a scroll of noise {unknown}
 l - a scroll of identify {unknown}
 m - a scroll of amnesia {unknown}
Potions
 e - 2 potions of agility {unknown}
 g - 2 potions of brilliance {unknown}
 h - a potion of curing {unknown}
 i - a potion of degeneration {unknown}
 k - a potion of heal wounds {unknown}
 n - a potion of flight {unknown}
Comestibles
 f - 3 bread rations


   Skills:
 - Level 3.6 Fighting
 * Level 5.6 Axes
 - Level 3.6 Armour
 - Level 3.6 Shields


You had 3 spell levels left.
You didn't know any spells.

Dungeon Overview and Level Annotations

Branches:
Dungeon (4/15)
 Temple: D:4-7

Altars:

Annotations:
D:4 Pikel


Innate Abilities, Weirdness & Mutations

You reflexively headbutt those who attack you in melee.
You have a pair of horns on your head.


Message History

Pikel is moderately wounded.
You closely miss the slave. You slash the slave! Pikel completely misses you.
The slave barely misses you. You furiously retaliate!
You headbutt the slave.
Pikel hits you with a whip of electrocution.
Unknown command.
You slash Pikel!
Pikel is severely wounded.
You slash the slave!
You kill the slave!
That felt strangely unrewarding.
You barely miss the slave. You miss the slave. The slave hits you.
* * * LOW HITPOINT WARNING * * *
Pikel hits you with a whip of electrocution.
* * * LOW HITPOINT WARNING * * *
You block the slave's attack. x2
You closely miss Pikel.
Pikel is severely wounded.
You hit the slave but do no damage. You barely miss the slave.
You miss the slave. Pikel hits you but does no damage.
You block the slave's attack. The slave hits you.
* * * LOW HITPOINT WARNING * * *
The slave hits you!
* * * LOW HITPOINT WARNING * * *
Unknown command.
Unknown command.
You closely miss Pikel.
Pikel is severely wounded.
You slash the slave! You hit the slave. You slash the slave!
You block Pikel's attack. You block the slave's attack. The slave hits you.
* * * LOW HITPOINT WARNING * * *
The slave hits you but does no damage.
Unknown command.
You closely miss Pikel. Your headbutt misses Pikel.
Pikel is severely wounded.
You slash the slave! x2
You kill the slave!
That felt strangely unrewarding.
Your scale mail prevents you from hitting the slave.
Pikel hits you with a whip of electrocution.
You die...

#### ..## #..####
##.....#####
#######.......[@p##
#..........####pK.###.
#..#####..............#
##.## #......####....#
#$.# #..##..## #....
..## #..###..#####.$.##
.## #..# ##<.......##
## #.# ######### #.


You could see Pikel and 2 slaves.

Vanquished Creatures
  2 slaves (D:4)
  A worker ant (D:3)
  Ijyb (D:3)
  2 adders
  5 goblins
  5 hobgoblins
  A quokka (D:4)
  3 bats
  2 giant newts (D:3)
  2 kobolds (D:3)
24 creatures vanquished.

Notes
Turn   | Place    | Note
-------+----------+-------------------------------------------
     0 | D:1      | Implojin the Minotaur Fighter began the quest for the Orb.
     0 | D:1      | Reached XP level 1. HP: 19/19 MP: 0/0
    55 | D:2      | Reached skill level 3 in Axes
    55 | D:2      | Reached XP level 2. HP: 22/26 MP: 1/1
   135 | D:3      | Reached skill level 4 in Axes
   135 | D:3      | Reached XP level 3. HP: 31/31 MP: 2/2
   162 | D:3      | Found a faded altar of an unknown god.
   171 | D:3      | Reached skill level 5 in Axes
   187 | D:3      | Noticed Ijyb
   199 | D:3      | Killed Ijyb
   199 | D:3      | Reached XP level 4. HP: 15/39 MP: 3/3
   367 | D:4      | Noticed Pikel
   367 | D:4      | Noticed a slave
   368 | D:4      | Noticed a slave
   368 | D:4      | Noticed a slave
   370 | D:4      | Noticed a slave
   374 | D:4      | Killed a slave
   377 | D:4      | Killed a slave
   377 | D:4      | Slain by Pikel

Vault maps used:
D:1:      dpeg_arrival_tiny_a
D:3:      ecumenical_altar_2, portal_sewer_entry_a, uniq_iyjb
D:4:      old_standard_altar, first_bread, uniq_pikel, uniq_robin,
          uniq_eustachio

Skill      XL: |  1  2  3 |
---------------+----------+-----
Axes           | 3 4 5 |  5.6
Fighting       | |  3.6
Armour         | |  3.6
Shields        | |  3.6

Action                   |  1- 3 |  4- 6 || total
-------------------------+-------+-------++-------
Melee: War axe           |    31 |     9 ||    40
       Headbutt          |     5 |       ||     5
  Use: Potion            |       |     1 ||     1
Armor: Scale mail        |    26 |     5 ||    31
Dodge: Dodged            |    13 |     5 ||    18
Block: Shield            |    25 |    12 ||    37

Table legend:
 A = Turns spent in this place as a percentage of turns spent in the entire game.
 B = Non-inter-level travel turns spent in this place as a percentage of non-inter-level travel turns spent in the entire game.
 C = Inter-level travel turns spent in this place as a percentage of turns spent in this place.
 D = Turns resting spent in this place as a percentage of non-inter-level travel turns spent in this place.
 E = Turns spent auto-exploring this place as a percentage of non-inter-level travel turns spent in this place.
 F = Non-inter-level travel turns spent in this place divided by the number of levels of this place that you've seen.
                   A       B       C       D       E      F
               +-------+-------+-------+-------+-------+----------------------
         Total | 100.0 | 100.0 |   0.0 |   0.0 |   0.0 |  96.0
       Dungeon | 100.0 | 100.0 |   0.0 |   0.0 |   0.0 |  96.0
               +-------+-------+-------+-------+-------+----------------------

Table legend:
 A = Kills in this place as a percentage of kills in entire the game.
 B = Kills by you in this place as a percentage of kills by you in the entire game.
 C = Kills by friends in this place as a percentage of kills by friends in the entire game.
 D = Other kills in this place as a percentage of other kills in the entire game.
 E = Experience gained in this place as a percentage of experience gained in the entire game.
 F = Experience gained in this place divided by the number of levels of this place that you have seen.
                   A       B       C       D       E      F
               +-------+-------+-------+-------+-------+----------------------
         Total | 100.0 | 100.0 |  -nan |  -nan | 100.0 |  31.8
       Dungeon | 100.0 | 100.0 |  -nan |  -nan | 100.0 |  31.8
               +-------+-------+-------+-------+-------+----------------------
